| TOP OF THE 1ST |
|
San Antonio Missions batting - Pitching for Round Rock Express : RHP Preston Shockley
|
|
Pitching: RHP Preston Shockley
|
|
|
Batting: LHB Jerold Johnston
|
0-0: Called Strike 0-1: Ground out 4-3 (Groundball, 4D, EV 97.5 MPH)
|
|
Batting: RHB Ivan Calderon
|
0-0: Called Strike 0-1: Ground out 2-3 (Groundball, 2R, EV 75.0 MPH)
|
|
Batting: RHB Ed Hearn
|
0-0: Ball 1-0: Called Strike 1-1: Foul Ball, location: 2F 1-2: Ball 2-2: Foul Ball, location: 2F 2-2: Strikes out swinging
|
| Top of the 1st over - 0 runs, 0 hits, 0 errors, 0 left on base; San Antonio 0 - Round Rock 0 |
| BOTTOM OF THE 1ST |
|
Round Rock Express batting - Pitching for San Antonio Missions : RHP Roger Clemens
|
|
Pitching: RHP Roger Clemens
|
|
|
Batting: LHB Steve Lyons
|
0-0: Fly out, F8 (Flyball, 8LM, EV 90.0 MPH)
|
|
Batting: LHB Luis Armijo
|
0-0: Ball 1-0: Ball 2-0: Ball 3-0: Called Strike 3-1: Fly out, F7 (Flyball, 78S, EV 90.6 MPH)
|
|
Batting: LHB Al Chambers
|
0-0: Ball 1-0: Called Strike 1-1: Ball 2-1: TRIPLE (Line Drive, 89XD, EV 101.3 MPH)
|
|
Batting: LHB Dave Sanchez
|
0-0: Ball 1-0: Called Strike 1-1: Foul Ball, location: 2F 1-2: Ball 2-2: Ball 3-2: Fly out, F8 (Flyball, 8LXD, EV 99.4 MPH)
|
| Bottom of the 1st over - 0 runs, 1 hit, 0 errors, 1 left on base; San Antonio 0 - Round Rock 0 |
| TOP OF THE 2ND |
|
San Antonio Missions batting - Pitching for Round Rock Express : RHP Preston Shockley
|
|
Batting: RHB Larry Hamilton
|
0-0: Ball 1-0: Ball 2-0: Swinging Strike 2-1: Ball 3-1: Foul Ball, location: 2F 3-2: Foul Ball, location: 2F 3-2: Strikes out swinging
|
|
Batting: SHB Willie Perez
|
0-0: Ball 1-0: Ball 2-0: Swinging Strike 2-1: Ball 3-1: Base on Balls
|
|
Batting: RHB Jack Ayer
|
0-0: Fly out, F8 (Flyball, 78D, EV 105.6 MPH)
|
|
Batting: SHB Jose Moreno
|
0-0: Called Strike 0-1: Foul Ball, location: 2F 0-2: Ball 1-2: Strikes out swinging
|
| Top of the 2nd over - 0 runs, 0 hits, 0 errors, 1 left on base; San Antonio 0 - Round Rock 0 |
| BOTTOM OF THE 2ND |
|
Round Rock Express batting - Pitching for San Antonio Missions : RHP Roger Clemens
|
|
Batting: RHB Gerald Miller
|
0-0: Called Strike 0-1: Called Strike 0-2: Strikes out looking
|
|
Batting: LHB James Jennings
|
0-0: SINGLE (Groundball, 56, EV 106.3 MPH)
|
|
Batting: RHB Martyn Maxwell
|
0-0: Ball 1-0: Grounds into double play, 5-4-3 (Groundball, 56S, EV 81.9 MPH)
|
| Bottom of the 2nd over - 0 runs, 1 hit, 0 errors, 0 left on base; San Antonio 0 - Round Rock 0 |
| TOP OF THE 3RD |
|
San Antonio Missions batting - Pitching for Round Rock Express : RHP Preston Shockley
|
|
Batting: LHB Matt Nokes
|
0-0: Ball 1-0: Swinging Strike 1-1: Swinging Strike 1-2: Ball 2-2: Strikes out looking
|
|
Batting: RHB Alex Juarez
|
0-0: Swinging Strike 0-1: Ball 1-1: Ball 2-1: DOUBLE (Flyball, 7LM, EV 98.8 MPH)
|
|
Batting: LHB Jerold Johnston
|
0-0: Ball 1-0: Called Strike 1-1: Foul Ball, location: 2F 1-2: Ball 2-2: Strikes out swinging
|
|
Batting: RHB Ivan Calderon
|
0-0: Called Strike 0-1: Ball 1-1: Ball 2-1: SINGLE (Line Drive, 6M, EV 98.1 MPH) Alex Juarez to third Runner from 3rd tries for Home, throw by CF and OUT! 8-2
|
| Top of the 3rd over - 0 runs, 2 hits, 0 errors, 1 left on base; San Antonio 0 - Round Rock 0 |
| BOTTOM OF THE 3RD |
|
Round Rock Express batting - Pitching for San Antonio Missions : RHP Roger Clemens
|
|
Batting: RHB Mike Sodders
|
0-0: Ball 1-0: SINGLE (Line Drive, 89S, EV 101.9 MPH)
|
|
Batting: RHB Val Medina
|
0-0: Ball 1-0: Fielders Choice at 2nd, 1-6 (Groundball, 13, EV 65.0 MPH)
|
|
Batting: LHB Steve Lyons
|
0-0: Fly out, F8 (Flyball, 78D, EV 92.5 MPH)
|
|
Batting: LHB Luis Armijo
|
0-0: Ball Val Medina steals 2nd base 1-0: Swinging Strike 1-1: Ball 2-1: Called Strike 2-2: Ball 3-2: Foul Ball, location: 2F 3-2: Base on Balls
|
|
Batting: LHB Al Chambers
|
0-0: Called Strike 0-1: Swinging Strike 0-2: Fielders Choice at 2nd, 6-4 (Groundball, 6, EV 85.6 MPH)
|
| Bottom of the 3rd over - 0 runs, 1 hit, 0 errors, 2 left on base; San Antonio 0 - Round Rock 0 |
| TOP OF THE 4TH |
|
San Antonio Missions batting - Pitching for Round Rock Express : RHP Preston Shockley
|
|
Batting: RHB Ed Hearn
|
0-0: Foul Ball, location: 2F 0-1: Ground out 5-3 (Groundball, 56, EV 76.9 MPH)
|
|
Batting: RHB Larry Hamilton
|
0-0: SINGLE (Groundball, 6, EV 98.1 MPH)
|
|
Batting: SHB Willie Perez
|
0-0: Called Strike 0-1: Fly out, F5 (Popup, 5L, EV 78.1 MPH)
|
|
Batting: RHB Jack Ayer
|
0-0: Called Strike 0-1: Ball 1-1: Ball 2-1: Fly out, F4 (Popup, 4S, EV 68.1 MPH)
|
| Top of the 4th over - 0 runs, 1 hit, 0 errors, 1 left on base; San Antonio 0 - Round Rock 0 |
| BOTTOM OF THE 4TH |
|
Round Rock Express batting - Pitching for San Antonio Missions : RHP Roger Clemens
|
|
Batting: LHB Dave Sanchez
|
0-0: SINGLE (Groundball, 56D, EV 97.5 MPH)
|
|
Batting: RHB Gerald Miller
|
0-0: Foul Ball, location: 2F 0-1: Ball 1-1: Ball 2-1: Foul Ball, location: 2F 2-2: Strikes out swinging
|
|
Batting: LHB James Jennings
|
0-0: Ball 1-0: Ball 2-0: Called Strike 2-1: Ball 3-1: Foul Ball, location: 2F 3-2: Base on Balls Dave Sanchez to second
|
|
Batting: RHB Martyn Maxwell
|
0-0: Foul Ball, location: 2F 0-1: Ball 1-1: Ball 2-1: Foul Ball, location: 2F 2-2: Foul Ball, location: 2F 2-2: Foul Ball, location: 2F 2-2: Foul Ball, location: 2F 2-2: Foul Ball, location: 2F 2-2: Foul Ball, location: 2F 2-2: Foul Ball, location: 2F 2-2: Grounds into double play, 6-4-3 (Groundball, 6, EV 99.4 MPH)
|
| Bottom of the 4th over - 0 runs, 1 hit, 0 errors, 1 left on base; San Antonio 0 - Round Rock 0 |
| TOP OF THE 5TH |
|
San Antonio Missions batting - Pitching for Round Rock Express : RHP Preston Shockley
|
|
Batting: SHB Jose Moreno
|
0-0: Called Strike 0-1: Called Strike 0-2: Strikes out looking
|
|
Batting: LHB Matt Nokes
|
0-0: Foul Ball, location: 2F 0-1: Swinging Strike 0-2: Foul Ball, location: 2F 0-2: Ball 1-2: Strikes out swinging
|
|
Batting: RHB Alex Juarez
|
0-0: Foul Ball, location: 2F 0-1: Called Strike 0-2: Ball 1-2: Ball 2-2: Reached on error, E5 (Groundball, 56, EV 109.4 MPH)
|
|
Batting: LHB Jerold Johnston
|
0-0: Ball 1-0: Ball 2-0: Foul Ball, location: 2F 2-1: Called Strike 2-2: Foul Ball, location: 2F 2-2: Foul Ball, location: 2F 2-2: SINGLE (Groundball, 6, EV 101.3 MPH) Alex Juarez to second
|
|
Batting: RHB Ivan Calderon
|
0-0: Ball 1-0: Called Strike 1-1: SINGLE (Line Drive, 9S, EV 110.6 MPH) Alex Juarez to third Jerold Johnston to second Runner from 3rd tries for Home, SAFE, throw by RF to home
|
|
Batting: RHB Ed Hearn
|
0-0: Ball 1-0: Ball 2-0: Called Strike 2-1: Ball 3-1: Called Strike 3-2: Base on Balls Jerold Johnston to third Ivan Calderon to second
|
|
Batting: RHB Larry Hamilton
|
0-0: Ball 1-0: Called Strike 1-1: Swinging Strike 1-2: Ball 2-2: Ball 3-2: DOUBLE (Line Drive, 78XD, EV 101.9 MPH) Jerold Johnston scores Ivan Calderon scores Ed Hearn to third Ed Hearn scores
|
|
Batting: SHB Willie Perez
|
0-0: Called Strike 0-1: Ball Balk! Larry Hamilton to third 1-1: Ground out 2-3 (Groundball, 2R, EV 62.5 MPH)
|
| Top of the 5th over - 4 runs, 3 hits, 1 error, 1 left on base; San Antonio 4 - Round Rock 0 |
| BOTTOM OF THE 5TH |
|
Round Rock Express batting - Pitching for San Antonio Missions : RHP Roger Clemens
|
|
Batting: RHB Mike Sodders
|
0-0: Called Strike 0-1: Called Strike 0-2: Foul Ball, location: 2F 0-2: Strikes out swinging
|
|
Batting: RHB Val Medina
|
0-0: Called Strike 0-1: Ground out 1-3 (Groundball, P, EV 64.4 MPH)
|
|
Batting: LHB Steve Lyons
|
0-0: Ball 1-0: Called Strike 1-1: Foul Ball, location: 2F 1-2: Fly out, F9 (Flyball, 89D, EV 108.1 MPH)
|
| Bottom of the 5th over - 0 runs, 0 hits, 0 errors, 0 left on base; San Antonio 4 - Round Rock 0 |
| TOP OF THE 6TH |
|
San Antonio Missions batting - Pitching for Round Rock Express : RHP Preston Shockley
|
|
Batting: RHB Jack Ayer
|
0-0: Ball 1-0: Ball 2-0: Ground out 6-3 (Groundball, 6, EV 80.6 MPH)
|
|
Batting: SHB Jose Moreno
|
0-0: Swinging Strike 0-1: Ball 1-1: Called Strike 1-2: Foul Ball, location: 2F 1-2: Foul Ball, location: 2F 1-2: Foul Ball, location: 2F 1-2: Ball 2-2: Fly out, F7 (Flyball, 7LM, EV 90.6 MPH)
|
|
Batting: LHB Matt Nokes
|
0-0: SINGLE (Groundball, 34D, EV 108.8 MPH)
|
|
Batting: RHB Alex Juarez
|
0-0: Ball 1-0: Called Strike 1-1: Foul Ball, location: 2F 1-2: Foul Ball, location: 2F 1-2: Foul Ball, location: 2F 1-2: Ball 2-2: Foul Ball, location: 2F 2-2: Foul Ball, location: 2F 2-2: Ball 3-2: Base on Balls Matt Nokes to second
|
|
Batting: LHB Jerold Johnston
|
0-0: Swinging Strike 0-1: Ball 1-1: Ball Wild Pitch! Matt Nokes to third Alex Juarez to second 2-1: Foul Ball, location: 2F 2-2: Fly out, F8 (Flyball, 8LM, EV 85.0 MPH)
|
| Top of the 6th over - 0 runs, 1 hit, 0 errors, 2 left on base; San Antonio 4 - Round Rock 0 |
| BOTTOM OF THE 6TH |
|
Round Rock Express batting - Pitching for San Antonio Missions : RHP Roger Clemens
|
|
Batting: LHB Luis Armijo
|
0-0: Ball 1-0: Fly out, F8 (Line Drive, 8LM, EV 91.3 MPH)
|
|
Batting: LHB Al Chambers
|
0-0: Ball 1-0: Foul Ball, location: 2F 1-1: Swinging Strike 1-2: Ball 2-2: Ground out 6-3 (Groundball, P, EV 92.5 MPH)
|
|
Batting: LHB Dave Sanchez
|
0-0: Called Strike 0-1: Ball 1-1: Ball 2-1: Foul Ball, location: 2F 2-2: Strikes out swinging
|
| Bottom of the 6th over - 0 runs, 0 hits, 0 errors, 0 left on base; San Antonio 4 - Round Rock 0 |
| TOP OF THE 7TH |
|
San Antonio Missions batting - Pitching for Round Rock Express : RHP Preston Shockley
|
|
Batting: RHB Ivan Calderon
|
0-0: Hit by Pitch
|
|
Batting: RHB Ed Hearn
|
0-0: Foul Ball, location: 2F 0-1: Ball 1-1: Swinging Strike 1-2: Ball 2-2: Ball 3-2: 2-RUN HOME RUN (Flyball, 7LD, EV 106.3 MPH), Distance : 353 ft
|
|
Pitching: RHP Jeff Keener
|
|
|
Batting: RHB Larry Hamilton
|
0-0: Swinging Strike 0-1: Ball 1-1: Ball 2-1: Foul Ball, location: 2F 2-2: Ball 3-2: Foul Ball, location: 2F 3-2: Base on Balls
|
|
Batting: SHB Willie Perez
|
0-0: Ball 1-0: Foul Ball, location: 2F 1-1: Called Strike 1-2: Ball 2-2: Foul Ball, location: 2F 2-2: Ball 3-2: Base on Balls Larry Hamilton to second
|
|
Batting: RHB Jack Ayer
|
0-0: Ball 1-0: Grounds into double play, 4-6-3 (Groundball, 34, EV 85.0 MPH) Larry Hamilton to third
|
|
Batting: SHB Jose Moreno
|
0-0: Fly out, F6 (Flyball, 56D, EV 94.4 MPH)
|
| Top of the 7th over - 2 runs, 1 hit, 0 errors, 1 left on base; San Antonio 6 - Round Rock 0 |
| BOTTOM OF THE 7TH |
|
Round Rock Express batting - Pitching for San Antonio Missions : RHP Roger Clemens
|
|
Batting: RHB Gerald Miller
|
0-0: Ball 1-0: Called Strike 1-1: Foul Ball, location: 2F 1-2: Strikes out swinging
|
|
Batting: LHB James Jennings
|
0-0: Ball 1-0: Ball 2-0: Swinging Strike 2-1: Foul Ball, location: 2F 2-2: Ball 3-2: Ground out 4-3 (Groundball, 34, EV 103.8 MPH)
|
|
Batting: RHB Martyn Maxwell
|
0-0: Ground out 4-3 (Groundball, 4, EV 110.6 MPH)
|
| Bottom of the 7th over - 0 runs, 0 hits, 0 errors, 0 left on base; San Antonio 6 - Round Rock 0 |
| TOP OF THE 8TH |
|
San Antonio Missions batting - Pitching for Round Rock Express : RHP Jeff Keener
|
|
Batting: LHB Matt Nokes
|
0-0: Foul Ball, location: 2F 0-1: Ball 1-1: Foul Ball, location: 2F 1-2: Ball 2-2: Strikes out swinging
|
|
Batting: RHB Alex Juarez
|
0-0: Ball 1-0: Called Strike 1-1: Ball 2-1: Ball 3-1: SINGLE (Groundball, 56D, EV 108.1 MPH)
|
|
Pitching: RHP Bret Cleland
|
|
|
Batting: LHB Jerold Johnston
|
0-0: Called Strike 0-1: Ball 1-1: Ball 2-1: Foul Ball, location: 2F 2-2: Ball 3-2: Foul Ball, location: 2F 3-2: Fly out, F8 (Flyball, 8LM, EV 72.5 MPH)
|
|
Batting: RHB Ivan Calderon
|
0-0: Ball 1-0: Ball 2-0: Foul Ball, location: 2F 2-1: Foul Ball, location: 2F 2-2: Foul Ball, location: 2F 2-2: SINGLE (Line Drive, 7LM, EV 108.1 MPH) Alex Juarez to second
|
|
Batting: RHB Ed Hearn
|
0-0: Called Strike 0-1: DOUBLE (Line Drive, 89D, EV 105.0 MPH) Alex Juarez scores Ivan Calderon to third Runner from 3rd tries for Home, SAFE, no throw by RF
|
|
Pinch Hitting: SHB Wallace Johnson
|
0-0: Foul Ball, location: 2F 0-1: SINGLE (Groundball, 6MS, EV 81.9 MPH) (infield hit) Ed Hearn to third
|
|
Batting: SHB Willie Perez
|
0-0: Called Strike 0-1: Ball 1-1: Foul Ball, location: 2F 1-2: Strikes out swinging
|
| Top of the 8th over - 2 runs, 4 hits, 0 errors, 2 left on base; San Antonio 8 - Round Rock 0 |
| BOTTOM OF THE 8TH |
|
Round Rock Express batting - Pitching for San Antonio Missions : RHP Roger Clemens
|
|
Now in LF: Wallace Johnson
|
|
|
Batting: RHB Mike Sodders
|
0-0: Foul Ball, location: 2F 0-1: Called Strike 0-2: Ball 1-2: Ball 2-2: Strikes out swinging
|
|
Batting: RHB Val Medina
|
0-0: Called Strike 0-1: Ball 1-1: Ball 2-1: Ball 3-1: Base on Balls
|
|
Batting: LHB Steve Lyons
|
0-0: Called Strike 0-1: Fly out, F9 (Flyball, 89M, EV 73.8 MPH)
|
|
Pinch Hitting: RHB Wayne Rohlfing
|
0-0: Called Strike 0-1: Ball 1-1: Ball 2-1: Ground out 5-3 (Groundball, 56S, EV 83.1 MPH)
|
| Bottom of the 8th over - 0 runs, 0 hits, 0 errors, 1 left on base; San Antonio 8 - Round Rock 0 |
| TOP OF THE 9TH |
|
San Antonio Missions batting - Pitching for Round Rock Express : RHP Bret Cleland
|
|
Now in RF: Wayne Rohlfing
|
|
|
Batting: RHB Jack Ayer
|
0-0: Ball 1-0: Foul Ball, location: 2F 1-1: Swinging Strike 1-2: Ground out 5-3 (Groundball, 56S, EV 83.8 MPH)
|
|
Batting: SHB Jose Moreno
|
0-0: Ball 1-0: Ground out U3 (Groundball, 3L, EV 87.5 MPH)
|
|
Batting: LHB Matt Nokes
|
0-0: Swinging Strike 0-1: Ball 1-1: Foul Ball, location: 2F 1-2: Strikes out swinging
|
| Top of the 9th over - 0 runs, 0 hits, 0 errors, 0 left on base; San Antonio 8 - Round Rock 0 |
| BOTTOM OF THE 9TH |
|
Round Rock Express batting - Pitching for San Antonio Missions : RHP Roger Clemens
|
|
Pinch Hitting: SHB Wayne Rudolph
|
0-0: Ball 1-0: Called Strike 1-1: Swinging Strike 1-2: Foul Ball, location: 2F 1-2: Ball 2-2: Foul Ball, location: 2F 2-2: Fly out, F2 (Popup, 2L, EV 98.8 MPH)
|
|
Pitching: LHP John Hills
|
|
|
Batting: LHB Dave Sanchez
|
0-0: Ball 1-0: Swinging Strike 1-1: Ball 2-1: Foul Ball, location: 2F 2-2: Foul Ball, location: 2F 2-2: Ball 3-2: Base on Balls
|
|
Batting: RHB Gerald Miller
|
0-0: Ball 1-0: Called Strike 1-1: Ball 2-1: SINGLE (Flyball, 8LS, EV 90.0 MPH) Dave Sanchez to second
|
|
Batting: LHB James Jennings
|
0-0: Ball 1-0: Called Strike 1-1: Called Strike 1-2: Strikes out swinging
|
|
Batting: RHB Martyn Maxwell
|
0-0: Foul Ball, location: 2F 0-1: Ball 1-1: Ground out 6-3 (Groundball, 6S, EV 78.8 MPH)
|
| Bottom of the 9th over - 0 runs, 1 hit, 0 errors, 2 left on base; San Antonio 8 - Round Rock 0 |
|